 Dungeon Crawl Stone Soup version 0.28.0-53-g5a82cb258f (webtiles) character file.

Game seed: 6791495454408345755

30 ILmort the Chopper (level 3, -4/31 HPs)
             Began as a Hill Orc Fighter on Aug 16, 2022.
             Slain by a gnoll
             ... wielding a +0 spear
              (7 damage)
             ... on level 2 of the Dungeon.
             The game lasted 00:02:04 (975 turns).

ILmort the Chopper (Hill Orc Fighter)                Turns: 975, Time: 00:02:05

Health: -4/31      AC:  9    Str: 20    XL:     3   Next: 20%
Magic:  3/3        EV:  9    Int:  8    God:
Gold:   27         SH:  4    Dex: 10    Spells: 2/2 levels left

rFire   . . .      SeeInvis .   a - +0 war axe
rCold   . . .      Faith    .   c - +0 buckler
rNeg    + . .      Spirit   .   b - +0 scale mail
rPois   .          Reflect  .   e - +0 helmet
rElec   .          Harm     .   h - +0 cloak
rCorr   .          Rampage  .   (no gloves)
Will    .....                   (no boots)
Stlth   ..........              (no amulet)
HPRegen 0.10/turn               k - ring of positive energy
MPRegen 0.08/turn               (no ring)

@: no status effects
A: no striking features
a: no special abilities


You were on level 2 of the Dungeon.
You visited 1 branch of the dungeon, and saw 2 of its levels.

You collected 27 gold pieces.

Inventory:

Hand Weapons
 a - a +0 war axe (weapon)
Armour
 b - a +0 scale mail (worn)
 c - a +0 buckler (worn)
 e - a +0 helmet (worn)
 h - a +0 cloak (worn)
Jewellery
 k - a ring of positive energy (left hand)
Scrolls
 i - a scroll of amnesia {unknown}
 l - a scroll of enchant weapon {unknown}
Potions
 d - a potion of might
 f - a potion of attraction {unknown}
 g - a potion of heal wounds {unknown}
 j - 2 potions of brilliance {unknown}


   Skills:
 - Level 3.6 Fighting
 + Level 4.8 Axes
 - Level 3.2 Armour
 - Level 3.2 Shields


You had 2 spell levels left.
You didn't know any spells.
Your spell library was empty.

Dungeon Overview and Level Annotations

Branches:
Dungeon (2/15)

Altars:


Message History

You block the ball python's attack. The ball python constricts you.
The gnoll shouts!
You slash the ball python!
You kill the ball python!
A gnoll comes into view. It is wielding a +0 flail.
You see here a ball python corpse.
You barely miss the gnoll. The gnoll barely misses you.
The gnoll hits you but does no damage. The gnoll barely misses you.
You slash the gnoll! You closely miss the gnoll.
The gnoll hits you with a +0 spear. The gnoll barely misses you.
The gnoll closely misses you.
You hit the gnoll. x2; You block the gnoll's attack.
The gnoll hits you but does no damage.
You hit the gnoll. You barely miss the gnoll.
The gnoll hits you from afar with a +0 spear!
The gnoll barely misses you. x2
You barely miss the gnoll. You closely miss the gnoll.
The gnoll hits you with a +0 spear. You block the gnoll's attack.
The gnoll hits you with a +0 flail.
* * * LOW HITPOINT WARNING * * *
The gnoll hits you but does no damage. The gnoll hits you with a +0 flail.
* * * LOW HITPOINT WARNING * * *
The gnoll closely misses you.
The gnoll hits you from afar with a +0 spear.
* * * LOW HITPOINT WARNING * * *
There is a stone staircase leading up here.
You slash the gnoll!
You kill the gnoll!
You hit the gnoll but do no damage. The gnoll barely misses you.
The gnoll hits you but does no damage. x2
You have reached level 3!
Your experience leads to an increase in your attributes!
Increase (S)trength, (I)ntelligence, or (D)exterity?
You feel stronger. x2
You hit the gnoll.
The gnoll hits you from afar with a +0 spear.
* * * LOW HITPOINT WARNING * * *
The gnoll closely misses you.
The gnoll hits you from afar with a +0 spear!
You die...

#. ... .#..
..# .
...####..###..
#.......#....
#..........
#......#.#..
#...(.......
#...@..#
#...)g.####.
#...gg......
####......##
..####.# ...#
# ..... .....#
#.....#


You could see 3 gnolls.

Vanquished Creatures
  A gnoll (D:2)
  3 ball pythons
  2 endoplasms (D:1)
  2 goblins (D:1)
  2 hobgoblins (D:1)
  A kobold (D:1)
  A quokka (D:1)
  5 bats (D:1)
  2 frilled lizards (D:1)
  A rat (D:1)
20 creatures vanquished.

Notes
Turn   | Place    | Note
-------+----------+-------------------------------------------
     0 | D:1      | ILmort the Hill Orc Fighter began the quest for the Orb.
     0 | D:1      | Reached XP level 1. HP: 19/19 MP: 1/1
    51 | D:1      | Reached skill level 3 in Axes
   208 | D:1      | Reached XP level 2. HP: 22/26 MP: 2/2
   446 | D:1      | Reached skill level 4 in Axes
   975 | D:2      | Reached XP level 3. HP: 5/31 MP: 3/3
   975 | D:2      | Slain by a gnoll

Illustrated notes

Levels and vault maps discovered:
D:1:      nzn_arrival_crosshair, layout_basic
D:2:      layout_loops_cross, hellmonk_ecumenical_altar_arch_garden,
          serial_shops, shop, uniq_sigmund

Skill      XL: |  1  2 |
---------------+-------+-----
Axes           | 3 4 |  4.8
Fighting       | |  3.6
Armour         | |  3.2
Shields        | |  3.2

Action                   || total
-------------------------++-------
Melee: War axe           ||    51
Armor: Scale mail        ||    33
Dodge: Dodged            ||    36
Block: Buckler           ||    12
